Cogmind - Beta 17.1 @@@ ROGUE MODE // 2026.08.28 @ 22:41:59 Player: Finn Result: Destroyed by S-10 Pest with Light Assault Rifle Performance ------------- Evolutions (0) 0 Regions Visited (1) 200 Robots Destroyed (2) 10 Value Destroyed (41) 41 Prototype IDs (0) 0 Alien Tech Used (0) 0 Bonus (0) 0 TOTAL SCORE: 251 Bonus ------- None Cogmind --------- Core Integrity 0/250 Matter 300/300 Energy 99/100 System Corruption 0% Temperature Cool (0) Movement Core (50) Location -10/Materials Parts ------- > --- POWER (1) -------- (None) > --- PROPULSION (2) --- (None) > --- UTILITY (2) ------ (None) > --- WEAPON (2) ------- (None) > --- INVENTORY (5) ---- Light Ion Engine Compact Wheel Hover Unit Hover Unit Peak State ------------ > --- POWER ------------ Light Ion Engine > --- PROPULSION ------- Compact Wheel Compact Wheel > --- UTILITY ---------- (None) > --- WEAPON ----------- Small Laser > --- INVENTORY -------- (None) [Rating: 4] Favorites ----------- Power Light Ion Engine Engine Light Ion Engine Propulsion Compact Wheel Wheel Compact Wheel Utility None Weapon Small Laser Energy Gun Small Laser Build | -11 -10 ------- Run | Yrd Mat Slots Evolved . | . . Power . | . . Propulsion . | . . Utility . | . . Weapon . | . . Parts Attached 5 | 5 . Power 2 | 2 . Engine 2 | 2 . Core . | . . Reactor . | . . Propulsion 2 | 2 . Treads . | . . Leg . | . . Wheel 2 | 2 . Hover . | . . Flight . | . . Utility . | . . Device . | . . Storage . | . . Processor . | . . Hackware . | . . Protection . | . . Artifact . | . . Weapon 1 | 1 . Energy Gun 1 | 1 . Energy Cannon . | . . Ballistic Gun . | . . Ballistic Cannon . | . . Launcher . | . . Special Weapon . | . . Impact Weapon . | . . Slashing Weapon . | . . Piercing Weapon . | . . Special Melee Weapon . | . . Unidentified Prototypes . | . . Parts Lost 4 | . 4 Power 1 | . 1 Propulsion 2 | . 2 Utility . | . . Weapon 1 | . 1 Highest Loss Streak 4 | . 4 To Critical Strikes . | . . Average Backups 1 | . 1 Power . | . . Propulsion . | . 1 Utility . | . . Weapon . | . . Tool/Special . | . . Unused Backups 4 | . 4 Power 1 | . 1 Propulsion 3 | . 3 Utility . | . . Weapon . | . . Tool/Special . | . . Average Slot Usage (%) 45 | . 45 Engine 8 | . 8 Wheel 24 | . 24 Energy Gun 12 | . 12 Peak Build Rating 4 | 4 4 Average Rating 3 | 3 3 On Entrance 2 | . 4 Avg Prop Armor Cover (%) . | . . Naked Turns 6 | . 6 Heaviest Build 4 | 4 4 Greatest Support 32 | 32 32 Greatest Overweight (x) . | . . Average Overweight (x) . | . . Largest Inventory Capacity 5 | 5 5 Average Capacity 5 | 5 5 Most Carried 4 | 3 4 Average Carried 1 | . 1 Final Capacity 5 | 5 5 Final Carried 4 | . 4 Class Distribution -------------------- 100% | Mutant Dominant Class ---------------- Mutant | -10/Materials Resources | -11 -10 ----------- Run | Yrd Mat Matter Collected 243 | 224 19 Remotely . | . . Salvage Created 58 | 20 38 Parts 2 | 2 . Haulers Intercepted . | . . Recyclers Shooed . | . . Parts Field Recycled . | . . Retrieved Matter . | . . Parts Self-Destructed . | . . Prevented . | . . Parts Restored . | . . Kills | -11 -10 ------- Run | Yrd Mat Combat Hostiles Destroyed 1 | . 1 Guns 1 | . 1 Classes Destroyed 2 | 1 1 Tunneler 1 | 1 . Grunt 1 | . 1 Best Kill Streak 1 | 1 1 Combat Bots Only 1 | . 1 Max Kills in Single Turn 1 | 1 1 Gunslinging . | . . Exploded . | . . Melee . | . . Uniques/NPCs Destroyed . | . . Combat | -11 -10 -------- Run | Yrd Mat Hostile Shots Fired 56 | . 56 Missed 17 | . 17 Hits 39 | . 39 Projectile 39 | . 39 Damage Taken 443 | . 443 Core 256 | . 256 Absorbed by Shields . | . . Core Remaining (%) 100 | 100 . Volleys Fired 19 | 5 14 Largest 1 | 1 1 Hottest 40 | 40 40 Shots Fired 19 | 5 14 Gun 19 | 5 14 Cannon . | . . Launcher . | . . Special . | . . Kinetic . | . . Thermal 19 | 5 14 Explosive . | . . Electromagnetic . | . . Robot Hit Streak 3 | 1 3 Robot Miss Streak 4 | 4 2 Penetration Max . | . . Secondary Targets . | . . Shots Hit Robots 8 | 1 7 Core Hits 3 | 1 2 Critical Kills . | . . Critical Parts Destroyed . | . . Critical Strikes . | . . Melee Attacks . | . . Impact . | . . Slashing . | . . Piercing . | . . Sneak Attacks . | . . Combat Hostiles . | . . Follow-up Attacks . | . . Damage Inflicted 90 | 10 80 Guns 85 | 10 75 Cannons . | . . Explosions . | . . Melee . | . . Ramming 5 | . 5 Kinetic . | . . Thermal 85 | 10 75 Explosive . | . . Electromagnetic . | . . Impact . | . . Slashing . | . . Piercing . | . . Highest Corruption . | . . Average Corruption . | . . Corruption Purged . | . . Corruption Blocked . | . . Overload Shots . | . . Overflow Damage . | . . Projectiles . | . . Explosions . | . . Melee . | . . Knockbacks . | . . Impact . | . . Kinetic . | . . Secondary . | . . Self-Inflicted Damage 2 | . 2 Shots . | . . Rammed 2 | . 2 Targets Rammed 2 | . 2 Kicked . | . . Crushed . | . . Highest Temperature 16 | . 16 Average Temperature 7 | . 7 Received Heat Transfer 144 | . 144 Siege Activations . | . . Martial Activations . | . . Shielding Activations . | . . Robots Disrupted . | . . Combat Hostiles . | . . Robots Corrupted . | . . Combat Hostiles . | . . Parts Fried . | . . Impact Corruptions . | . . Robots Melted . | . . Combat Hostiles . | . . Parts Melted . | . . Heat Transferred 200 | 25 175 Parts Sabotaged . | . . Parts Stolen . | . . Parts Stripped . | . . Power Chain Reactions . | . . Alert | -11 -10 ------- Run | Yrd Mat Maximum Alert Level . | . . Low Security (%) 100 | 100 100 Level 1 . | . . Level 2 . | . . Level 3 . | . . Level 4 . | . . Level 5 . | . . High Security . | . . Max Security . | . . Peak Influence 20 | 5 20 Initial . | . . Average 1 | . 1 Influence Increases 25 | 5 20 Destroy 0b10 Robot/C 20 | . 20 Destroy 0b10 Robot/NC 5 | 5 . Influence Decreases 25 | 5 20 Time Decay 15 | 5 10 Lost Part 10 | . 10 Squads Dispatched 1 | . 1 Investigation . | . . Extermination . | . . Reinforcement 1 | . 1 Assault . | . . Garrison . | . . Intercept . | . . Searches Triggered . | . . Construction Impeded . | . . Haulers Reinforced . | . . Active Scanning Responses . | . . Cargo Convoy Interrupts . | . . Stealth | -11 -10 --------- Run | Yrd Mat Distress Signals . | . . Communications Jammed . | . . Distress Signals . | . . Times Spotted 8 | . 8 Peak Tracking Total 7 | . 7 Tactical Retreats . | . . Traps | -11 -10 ------- Run | Yrd Mat Traps Triggered . | . . Indirectly . | . . Trap Hack Attempts . | . . Triggered . | . . Disarmed 1 | . 1 Reprogrammed . | . . Reused . | . . Traps Extracted . | . . Installed . | . . Triggered . | . . Machines | -11 -10 ---------- Run | Yrd Mat Machines Disabled . | . . Max in Single Turn . | . . Machines Repaired . | . . Machines Dismantled . | . . Machines Sabotaged . | . . Overloaded Fab Kills . | . . Hacking | -11 -10 --------- Run | Yrd Mat Machines Accessed 1 | . 1 Terminals 1 | . 1 Fabricators . | . . Repair Stations . | . . Recycling Units . | . . Scanalyzers . | . . Garrison Access . | . . Total Hacks 1 | . 1 Successful 1 | . 1 Failed . | . . Catastrophic . | . . Database Lockouts . | . . Manual . | . . Terminals 1 | . 1 Fabricators . | . . Repair Stations . | . . Recycling Units . | . . Scanalyzers . | . . Garrison Access . | . . Terminal Hacks 1 | . 1 Disarm Traps 1 | . 1 Fabricator Hacks . | . . Repair Station Hacks . | . . Recycling Unit Hacks . | . . Scanalyzer . | . . Garrison Access Hacks . | . . Unauthorized Hacks . | . . Terminals . | . . Fabricators . | . . Repair Stations . | . . Recycling Units . | . . Scanalyzers . | . . Garrison Access . | . . Data Cores Recovered . | . . Used . | . . Hacking Detections 1 | . 1 Full Trace Events . | . . Feedback Events . | . . Feedback Blocked . | . . Robot Schematics Acquired . | . . Robots Built . | . . Authchips . | . . Time . | . . Total Robot Build Rating . | . . Part Schematics Acquired . | . . Parts Built . | . . Authchips . | . . Time . | . . Total Part Build Rating . | . . Part Studies Acquired . | . . Parts Repaired . | . . Time . | . . Parts Recycled . | . . Recycled Matter . | . . Retrieved Matter . | . . Retrieved Components . | . . Parts Scanalyzed . | . . Part Schematics Acquired . | . . Parts Damaged . | . . Bothacking | -11 -10 ------------ Run | Yrd Mat Used RIF Installer . | . . Robots Hacked . | . . Non-combat . | . . Combat . | . . Robot Hacks Applied . | . . Relay Couplers Released . | . . Fabnet Peak Effective % . | . . Robots Rewired . | . . Allies Hacked . | . . Hacks Repelled . | . . Allies | -11 -10 -------- Run | Yrd Mat Total Allies . | . . Largest Group . | . . Highest-Rated Group . | . . Highest-Rated Ally . | . . Total Orders . | . . Ally Attacks . | . . Total Damage . | . . Kills . | . . Allies Corrupted . | . . Allies Melted . | . . Intel | -11 -10 ------- Run | Yrd Mat Active Infowar (turns) . | . . Robot Analysis Total . | . . Derelict Logs Recovered . | . . Drone Launches . | . . Drone Recoveries . | . . Exploration | -11 -10 ------------- Run | Yrd Mat Turns Passed 222 | 80 142 Spaces Moved 177 | 64 113 Core 23 | 12 11 Treads . | . . Legs . | . . Wheels 154 | 52 102 Hover . | . . Flight . | . . Fastest Speed 50 | 50 50 Average Speed 93 | 90 95 Slowest Speed 100 | 100 100 Overloaded Moves . | . . Propulsion Burnouts . | . . Robots Hopped . | . . Potential Cave-ins . | . . Cave-ins Triggered . | . . Exploration Rate (%) 16 | 3 30 Regions Visited 1 Branch Regions . Pre-discovered Areas . | . . Known Exits Taken . | . . Unknown Exits Taken 1 | 1 . Scrap Searched . | . . Spaces Dug . | . . Terrain Destroyed . | . . Melee . | . . Projectile . | . . AOE . | . . Terrain Rammed . | . . Walls Destroyed . | . . Machines Disabled . | . . Actions | -11 -10 --------- Run | Yrd Mat Total 213 | 80 133 Wait . | . . Move 176 | 63 113 Hop . | . . Pick Up 9 | 5 4 Fast Attach . | . . Attach 4 | 4 . Detach . | . . Swap 2 | 2 . Drop 1 | 1 . Fire 19 | 5 14 Melee . | . . Ram 2 | . 2 Kick . | . . Crush . | . . Escape Stasis . | . . Rewire . | . . Trap . | . . Miscellaneous . | . . Route ------- -11/Scrapyard -10/Materials (discovered 1 exit: [*Min]) History --------- Turn | Location | Event 15 | -11/Scrapyard | Discovered new exit (range 16) 81 | -11/Scrapyard | Entered Materials 161 | -10/Materials | Discovered new exit (range 11) 200 | -10/Materials | Core integrity fell below 50% 210 | -10/Materials | Core integrity fell below 20% 223 | -10/Materials | Destroyed by S-10 Pest with Light Assault Rifle Last Messages --------------- 00144_ ALERT: Hostiles spotted, dispatching reinforcements to Terminal M002. 00156_ K-01 Serf collects debris. 00161_ EXIT=FOUND 00165_ Lgt. Ion Engine destroyed. 00166_ K-01 Serf collects debris. 00172_ G-34 Mercenary destroyed. 00173_ K-01 Serf collects debris. 00186_ K-01 Serf destroyed. 00187_ Acquired 19 matter. 00189_ Acquired Lgt. Ion Engine. 00191_ Com. Wheel destroyed. 00192_ K-01 Serf collects debris. 00196_ Acquired Hover Unit. 00200_ S-10 Pest destroyed. 00206_ Slammed into G-47 Trooper. 00207_ Sml. Laser destroyed. 00207_ Slammed into G-47 Trooper. 00217_ Com. Wheel destroyed. 00222_ K-01 Serf collects debris. Map ----- +----------------------------------------------------+ | | | | | | | | | | | | | | | | | | | ?????????????????????????????????????????????????? | | ?????????????????????????????????????????????????? | | ?????????????????????????????????????????????????? | | ?????????????????????????????????????????????????? | | ?????????????????????????????????????????????????? | | ?????????????????????????????????????????????????? | | ?????????????????????????????????????????????????? | | ??????????????????##?#####???????????????????????? | | ??????????????????# """ #???????????????????????? | | ??????????????????# """ #???????????????????????? | | ??????????????????# """ #???????????????????????? | | ??????????????????# ########????????????????? | | ??????????????????# # ?????????????????? | | ???????????????????? ? """?????????????????? | | ????????????????######/### """""????????????????? | | ????????????????# # """""????????????????? | | ????????????????# @ """""????????????????? | | ????????????????# ss # """ ???????????????? | | ????????????????# ###### ??????????????? | | ????????????????# #?????? #?????????????? | | ????????????????# #??????#+###########?????????? | | ????????????????# ########[# ! #?????????? | | ?????????????#### *%+ ! #?????????? | | ????????? % %=# !/ #?????????? | | ????? # #?????????? | | ????? ! ###########?????????? | | ????? ####### =#???????????????????? | | ?????? ????????# #???????????????????? | | ????????????????###+## #???????????????????? | | ????????????????? ??## #???????????????????? | | ??????????????????????# #???????????????????? | | ??????????????????????# #???????????????????? | | ??????????????????????# #???????????????????? | | ??????????????????????# ## #???????????????????? | | ????????????????????""" # #???????????????????? | | ????????????????????" # #???????????????????? | | ???????????????????#"! # #???????????????????? | | ???????????????????#"" < # #???????????????????? | | ???????????????????#"| ??# #???????????????????? | | ????????????????????" ??# #???????????????????? | | ???????????????????#""" ??# #???????????????????? | +----------------------------------------------------+ Best States ------------- Heat Dissipation 25 Energy Generation 10 Energy Capacity 125 Matter Stores 300 Matter Capacity 300 Sight Range 16 Terrain Scan Density 10 Evasion (%) 50 Item Schematics ----------------- None Robot Schematics ------------------ None Fabricated ------------ Nothing Repaired ---------- Nothing Studied --------- None Alien Tech Used ----------------- None Achievements -------------- None Challenges ------------ None Game ------ Seed ExplosiveTerrainFilter Manual? 0 Play Time 00:03:54 Cumulative 17.9 hours Start 2026.08.28 @ 22:35:51 End 2026.08.28 @ 22:41:59 Sessions 1 Manual Loads 0 Difficulty Rogue Special Mode None Game No. 36 Rogue 19 Adventurer 15 Explorer 2 Win Type - Total 0 Types 0/0/0/0/0/0/0/0/0/0 Lore% 20 Gallery% 19 Achievement% 15 Wizard Run 0 Options --------- Layout 1 ASCII 0 Keyboard 0 Movement Mouse Keybinds 0 Fullscreen 1 Font 24/Smallcaps Map View 50x35 Zoom Use 0% Tactical HUD 1 Map Filters NONE Filters NONE Steam 1 RUN: 78519362-1714-4860-81aa-5bf8af568044